 Dungeon Crawl Stone Soup version 0.27.1-33-g824d729ab1 (webtiles) character file.

Game seed: 8244113404097478216

132 styxcanada the Covert (level 4, 0/23 HPs)
             Began as a Spriggan Brigand on Dec 3, 2021.
             Slain by a centaur zombie (3 damage)
             ... on level 3 of the Dungeon.
             The game lasted 00:12:35 (3180 turns).

styxcanada the Covert (Spriggan Brigand)            Turns: 3180, Time: 00:12:36

Health: 0/23       AC:  3    Str:  7    XL:     4   Next: 92%
Magic:  5/5        EV: 17    Int: 12    God:
Gold:   114        SH:  0    Dex: 17    Spells: 3/3 levels left

rFire    . . .     SeeInvis +   a - +2 dagger
rCold    . . .     Faith    .   (shield restricted)
rNeg     . . .     Spirit   .   b - +0 robe
rPois    .         Reflect  .   (helmet restricted)
rElec    .         Harm     .   c - +0 cloak
rCorr    .         Rampage  .   (gloves unavailable)
Will     .....                  (boots unavailable)
Stlth    ++++......             (no amulet)
HPRegen  0.07/turn              (no ring)
MPRegen  0.09/turn              (no ring)

@: very quick
A: very small, no large weapons, unfitting armour, see invisible, speed 3
a: no special abilities


You were on level 3 of the Dungeon.
You visited 1 branch of the dungeon, and saw 3 of its levels.

You collected 114 gold pieces.

Inventory:

Hand Weapons
 a - a +2 dagger (weapon)
Missiles
 d - 6 poisoned darts (quivered)
 e - 2 curare-tipped darts
 f - 13 boomerangs
 g - 62 sling bullets
 l - a throwing net
 m - 46 stones
Armour
 b - a +0 robe (worn)
 c - a +0 cloak (worn)
Scrolls
 h - 2 scrolls of holy word {unknown}
 j - a scroll of blinking {unknown}
 n - a scroll of amnesia {unknown}
Potions
 i - a potion of curing {unknown}
 k - a potion of might {unknown}


   Skills:
 * Level 1.8 Fighting
 + Level 2.6 Short Blades
 + Level 2.4 Throwing
 * Level 2.7 Dodging
 * Level 8.3 Stealth


You had 3 spell levels left.
You didn't know any spells.
Your spell library was empty.

Dungeon Overview and Level Annotations

Branches:
Dungeon (3/15)

Altars:
Hepliaklqana
Okawaru
Qazlal
Yredelemnul

Shops:
D:1 [   D:3 =


Innate Abilities, Weirdness & Mutations

You are very small and have problems with some larger weapons.
You are too small for most types of armour.
You have supernaturally acute eyesight. (SInv)
You cover ground extremely quickly. (Speed+++)


Message History

The centaur zombie completely misses you.
The centaur zombie barely misses you.
You hit the centaur zombie.
The centaur zombie is lightly damaged.
The centaur zombie hits you but does no damage.
The centaur zombie kicks you but does no damage.
You hit the centaur zombie.
The centaur zombie is lightly damaged.
The centaur zombie hits you. The centaur zombie closely misses you.
You hit the centaur zombie.
The centaur zombie is moderately damaged.
The centaur zombie barely misses you. x2
You hit the centaur zombie.
The centaur zombie is moderately damaged.
The centaur zombie barely misses you.
The centaur zombie completely misses you.
You hit the centaur zombie but do no damage.
The centaur zombie is moderately damaged.
The centaur zombie barely misses you.
The centaur zombie kicks you but does no damage.
You hit the centaur zombie.
The centaur zombie is heavily damaged.
The centaur zombie hits you but does no damage.
The centaur zombie kicks you but does no damage.
You hit the centaur zombie.
The centaur zombie is heavily damaged.
The centaur zombie barely misses you. The centaur zombie kicks you.
You hit the centaur zombie.
The centaur zombie is severely damaged.
The centaur zombie hits you.
* * * LOW HITPOINT WARNING * * *
The centaur zombie kicks you.
* * * LOW HITPOINT WARNING * * *
You hit the centaur zombie.
The centaur zombie is almost destroyed.
The centaur zombie misses you. The centaur zombie barely misses you.
You see here a poisoned dart.
d - 6 poisoned darts (gained 1)
The centaur zombie hits you.
You die...

.###. >.... ####...###
###+#........##
#.....$....#..#
#..............
#..........#...
########..............
#....@Z...........#.#.
#.######...#.....#....
#.# ##...#....#.....
#.# #....#...#......
#.# #...##..#.......
#.# #...##.#........
#.# #...##..........
#.# #...# #### #. #.#
#...#


You could see a centaur zombie.

Vanquished Creatures
  An orc wizard (D:3)
  3 adders
  3 dart slugs
  5 orcs
  5 ball pythons
  6 endoplasms
  6 giant cockroaches
  6 goblins
  6 hobgoblins
  2 jackals (D:3)
  4 kobolds
  A quokka (D:2)
  5 bats
  6 frilled lizards
  6 rats
65 creatures vanquished.

Notes
Turn   | Place    | Note
-------+----------+-------------------------------------------
     0 | D:1      | styxcanada the Spriggan Brigand began the quest for the
                  | Orb.
     0 | D:1      | Reached XP level 1. HP: 10/10 MP: 2/2
    37 | D:1      | You fall into a shaft and drop 1 floor!
    90 | D:2      | Reached skill level 6 in Stealth
   152 | D:1      | Reached XP level 2. HP: 14/14 MP: 3/3
   597 | D:1      | Reached skill level 7 in Stealth
   661 | D:1      | Found Hinefu's Antique Armour Shoppe.
   681 | D:1      | Reached XP level 3. HP: 15/18 MP: 4/4
   852 | D:1      | Found a faded altar of an unknown god.
  1283 | D:2      | Found an iron altar of Okawaru.
  2197 | D:3      | Found Tustutz's Jewellery Boutique.
  2214 | D:3      | Reached XP level 4. HP: 22/22 MP: 5/5
  2303 | D:3      | Reached skill level 8 in Stealth
  2536 | D:3      | Found a basalt altar of Yredelemnul.
  2540 | D:3      | Found a hazy altar of Hepliaklqana.
  2543 | D:3      | Found a stormy altar of Qazlal.
  3180 | D:3      | Slain by a centaur zombie

Illustrated notes

Levels and vault maps discovered:
D:1:      wander_arrival_desolate, layout_basic, serial_shops, shop,
          basic_ecumenical_altar
D:2:      layout_basic, basic_altar
D:3:      layout_basic, grunt_temple_overflow_diamond, serial_shops, shop,
          minmay_misc_feat_square, hangedman_decor_opposing,
          serial_bayou_crossing

Skill      XL: |  1  2  3  4 |
---------------+-------------+-----
Stealth        | 6 7 8 |  8.3
Dodging        | 2 |  2.7
Fighting       | |  1.8
Short Blades   | |  2.6
Throwing       | |  2.4

Action                   |  1- 3 |  4- 6 || total
-------------------------+-------+-------++-------
Melee: Dagger            |   101 |    56 ||   157
Throw: Dart              |    18 |    16 ||    34
 Stab: Sleeping          |    14 |     7 ||    21
Armor: Robe              |     6 |    12 ||    18
Dodge: Dodged            |    59 |    34 ||    93
